 Dungeon Crawl Stone Soup version 0.29.1-1-gd02db6906a (webtiles) character file.

Game seed: 15597367562462502378

2093 EvilAshe the Cleaver (level 9, -3/72 HPs)
             Began as a Palentonga Fighter on Sept 23, 2022.
             Was a Priest of Zin.
             Slain by a sky beast (5 damage)
             ... on level 7 of the Dungeon.
             The game lasted 00:15:27 (7344 turns).

EvilAshe the Cleaver (Palentonga Fighter)           Turns: 7344, Time: 00:15:28

Health: -3/72      AC: 17    Str: 28    XL:     9   Next: 7%
Magic:  9/10       EV:  7    Int:  9    God:    Zin [***...]
Gold:   175        SH:  8    Dex:  9    Spells: 8/8 levels left

rFire   x . .      SeeInvis +   F - +0 broad axe (vorpal)
rCold   . . .      Faith    .   B - +0 kite shield
rNeg    . . .      Spirit   .   G - +0 swamp dragon scales
rPois   +          Reflect  .   n - +0 helmet
rElec   .          Harm     .   (no cloak)
rCorr   .          Rampage  .   s - +0 pair of gloves "Ituablos" {Fly rF- Str+2}
Will    .....                   (no barding)
Stlth   ..........              (no amulet)
HPRegen 0.22/turn               (no ring)
MPRegen 0.12/turn               (no ring)

@: on recite cooldown, flying, curled up
A: large, rugged brown scales 3, see invisible, deformed body, roll 1, armoured
tail, reflexive curl
a: Rolling Charge, Renounce Religion, Recite, Vitalisation, Imprison, Donate
Gold


You were on level 7 of the Dungeon.
You worshipped Zin.
Zin was most pleased with you.
You visited 2 branches of the dungeon, and saw 9 of its levels.

You collected 426 gold pieces.
You spent 209 gold pieces at shops.
You donated 42 gold pieces to Zin.

Inventory:

Hand Weapons
 b - a +0 battleaxe
 F - a +0 vorpal broad axe (weapon)
Missiles
 q - 3 throwing nets
 u - 4 boomerangs (quivered)
Armour
 n - a +0 helmet (worn)
 r - a +0 ring mail of fire resistance
 s - the +0 pair of gloves "Ituablos" (worn) {Fly rF- Str+2}
   (You bought it in a shop on level 4 of the Dungeon)

   Str:       It affects your strength (+2).
   rF:        It makes you vulnerable to fire.
   Fly:       It grants you flight.
 x - a +2 leather armour of cold resistance
 B - a +0 kite shield (worn)
 G - +0 swamp dragon scales (worn)
Jewellery
 A - an amulet of faith
Wands
 t - a wand of flame (13)
Scrolls
 a - a scroll of amnesia {unknown}
 i - 2 scrolls of fog {unknown}
 l - 7 scrolls of teleportation
 m - 3 scrolls of vulnerability
 w - a scroll of fear {unknown}
 y - a scroll of immolation {unknown}
 C - 3 scrolls of noise {unknown}
 D - 6 scrolls of identify
 E - a scroll of magic mapping {unknown}
Potions
 d - a potion of mutation {unknown}
 e - 2 potions of heal wounds
 f - 4 potions of attraction
 g - 2 potions of magic {unknown}
 h - a potion of resistance {unknown}
 j - 2 potions of curing
 k - 2 potions of haste {unknown}
 o - a potion of flight {unknown}
 p - 2 potions of cancellation
 v - a potion of berserk rage {unknown}
 z - a potion of brilliance {unknown}


   Skills:
 + Level 5.3 Fighting
 * Level 9.7 Axes
 + Level 4.3 Armour
 + Level 4.1 Shields
 + Level 1.3 Invocations


You had 8 spell levels left.
You didn't know any spells.
Your spell library contained the following spells:

 Spells                   Type           Power      Damage    Failure   Level
 Apportation              Tloc           0%         N/A       80%         1
 Ensorcelled Hibernation  Hex/Ice        0%         N/A       90%         2
 Passwall                 Tmut/Erth      0%         N/A       90%         2
 Swiftness                Air            0%         N/A       99%         3
 Alistair's Intoxication  Tmut/Pois      0%         N/A       100%        5


Dungeon Overview and Level Annotations

Branches:
Dungeon (8/15)             Temple (1/1) D:4
   Lair: D:8-11

Altars:
Ashenzari
Cheibriados
Dithmenos
Fedhas
Gozag
Kikubaaqudgha
Nemelex Xobeh
Okawaru
Qazlal
Ru
Sif Muna
Uskayaw
Vehumet
Wu Jian
Zin
The Shining One

Shops:
D:4 :![:?   D:5 (

Annotations:
D:8 Pikel, Psyche
Temple 2 transporters


Innate Abilities, Weirdness & Mutations

You are completely covered in rugged brown scales. (AC +3, +7% HP)
You have supernaturally acute eyesight. (SInv)
Armour fits poorly on your strangely shaped body.
You can roll at nearby foes to attack.
You have a long armoured tail.
You curl defensively after being hit. (AC +7*)


Message History

You slice the iguana!!
You kill the iguana!
You miss the sky beast. You barely miss the white imp.
You hit the crimson imp but do no damage.
The crimson imp hits you.
The sky beast hits you but does no damage.
The white imp barely misses you.
You hit the crimson imp but do no damage.
The crimson imp is lightly wounded.
You hit the sky beast. You slash the crimson imp!
You kill the crimson imp!
You hit the white imp. The sky beast hits you. The sky beast shocks you.
The white imp gestures at you.
The puff of frost hits you but does no damage.
The crimson imp hits you but does no damage.
You hit the crimson imp but do no damage.
The crimson imp is lightly wounded.
You closely miss the sky beast. You hit the white imp but do no damage.
You hit the white imp. The white imp gestures at you.
The puff of frost hits you but does no damage.
The sky beast hits you. The sky beast shocks you.
The crimson imp hits you but does no damage.
You block the white imp's attack.
The white imp hits you but does no damage.
The white imp gestures at you. The puff of frost hits you!
* * * LOW HITPOINT WARNING * * *
The crimson imp is lost in a daze.
The sky beast hits you but does no damage.
You hit the white imp but do no damage. You barely miss the white imp.
You hit the crimson imp. You closely miss the sky beast.
The white imp hits you.
* * * LOW HITPOINT WARNING * * *
The white imp freezes you.
* * * LOW HITPOINT WARNING * * *
The sky beast hits you.
* * * LOW HITPOINT WARNING * * *
The sky beast shocks you.
You die...

.........# .........#
........## .........#
####### .........#
#.....#
.........######.....#
....................#
.........#####.Y5...#
.........# ##5@...#
........## ##.5...#
.......## #.....>#
##.####### ####...#
##.# ##8# ##.##
##.###8... #.#
...###.... #.#
#...#>.... ..#
#...##.... ###


You could see a sky beast, a crimson imp (dazed) and 2 white imps.

Vanquished Creatures
  Maggie (D:6)
  2 vampire mosquitoes (D:7)
  An orc warrior (D:7)
  A sky beast (D:4)
  An ogre (D:4)
  2 lemures (D:7)
  A phantom (D:5)
  A gnoll sergeant (D:5)
  3 scorpions
  2 necrophages
  2 wights (D:6)
  6 crimson imps (D:7)
  2 orc priests (D:4)
  3 hounds
  6 iguanas
  2 orc wizards
  Robin (D:2)
  6 gnolls
  2 adders
  2 shadow imps
  2 white imps (D:7)
  3 worms
  A dart slug (D:2)
  12 orcs
  9 bats
  10 endoplasms
  3 giant cockroaches
  13 goblins
  6 hobgoblins
  4 quokkas
  6 ball pythons
  A frilled lizard (D:2)
  2 kobolds
  6 rats
125 creatures vanquished.

Notes
Turn   | Place    | Note
-------+----------+-------------------------------------------
     0 | D:1      | EvilAshe the Palentonga Fighter began the quest for the
                  | Orb.
     0 | D:1      | Reached XP level 1. HP: 19/19 MP: 1/1
   328 | D:1      | Reached XP level 2. HP: 23/25 MP: 2/2
   379 | D:1      | Reached skill level 3 in Axes
   912 | D:2      | Reached XP level 3. HP: 31/31 MP: 3/3
  1110 | D:2      | Noticed Robin
  1125 | D:2      | Reached skill level 4 in Axes
  1966 | D:2      | Killed Robin
  1967 | D:2      | Reached XP level 4. HP: 37/37 MP: 4/4
  2241 | D:3      | Found a faded altar of an unknown god.
  2402 | D:3      | Reached skill level 5 in Axes
  2402 | D:3      | Reached XP level 5. HP: 33/43 MP: 5/5
  3597 | D:3      | Reached skill level 6 in Axes
  3804 | D:5      | Entered Level 5 of the Dungeon
  3811 | D:4      | Found a staircase to the Ecumenical Temple.
  3819 | Temple   | Entered the Ecumenical Temple
  3819 | Temple   | Found a transporter.
  3819 | Temple   | Found a transporter.
  3821 | Temple   | Found a transporter.
  3821 | Temple   | Found a transporter.
  3838 | Temple   | Became a worshipper of Zin the Law-Giver
  3838 | Temple   | Reached * piety under Zin
  3892 | D:4      | Found Miezoc's Antique Armour Shoppe.
  3915 | D:4      | Found Vyxosouc's Distillery.
  3943 | D:4      | Bought a pair of faintly humming gloves for 209 gold pieces
  3943 | D:4      | Identified the +0 pair of gloves "Ituablos" {Fly rF- Str+2}
                  | (You bought it in a shop on level 4 of the Dungeon)
  3963 | D:5      | Found Kontov's Weapon Shoppe.
  4012 | D:4      | Reached XP level 6. HP: 50/50 MP: 6/6
  4146 | D:4      | Reached ** piety under Zin
  4233 | D:4      | Found Ahauco Xurch's Book Shoppe.
  4377 | D:4      | Reached skill level 7 in Axes
  4706 | D:4      | Found Cew Ymui's Magic Scroll Shop.
  4882 | D:4      | Found Veal's Book Shoppe.
  4940 | D:5      | Noticed a sky beast
  4959 | D:4      | Killed a sky beast
  4960 | D:4      | Gained mutation: You curl defensively after being hit. (AC
                  | +7*) [Palentonga growth]
  4960 | D:4      | Reached XP level 7. HP: 29/55 MP: 7/7
  5330 | D:6      | Reached skill level 8 in Axes
  6106 | D:6      | Identified the +1 robe of Akhlioh {Harm Int+4}
  6145 | D:6      | Reached XP level 8. HP: 63/64 MP: 8/8
  6165 | D:6      | Reached *** piety under Zin
  6195 | D:6      | Found an ancient bone altar of Kikubaaqudgha.
  6538 | D:6      | Noticed Maggie
  6556 | D:6      | Killed Maggie
  6557 | D:6      | Reached skill level 9 in Axes
  6969 | D:7      | Reached skill level 5 in Fighting
  7242 | D:8      | Noticed a troll
  7242 | D:8      | Noticed Pikel
  7242 | D:8      | Noticed Psyche
  7329 | D:7      | Reached skill level 1 in Invocations
  7333 | D:7      | Reached XP level 9. HP: 56/72 MP: 9/9
  7344 | D:7      | HP: 3/72 [white imp (5)]
  7344 | D:7      | Slain by a sky beast

Illustrated notes

Levels and vault maps discovered:
D:1:      shiori_arrival_elements, layout_basic
D:2:      layout_loops_ring, uniq_robin
D:3:      minmay_wonky_spiral, layout_basic,
          hellmonk_ecumenical_altar_arch_garden
D:4:      layout_basic, minmay_temple_entry_grid, serial_shops,
          nicolae_shop_temple_entry_statues_fountains,
          nicolae_inconvenience_store, nicolae_shop_behind_doors,
          shop_fountains, shop, chequers_serial_rivers_small_a
D:5:      layout_loops_ring, serial_shops, shop, palyth_stone_intersect
D:6:      layout_loops_cross, kennysheep_little_box, uniq_maggie
D:7:      layout_rooms, nicolae_overflow_hidden_temple, minmay_nine_imps
D:8:      layout_loops_cross, chequers_temple_overflow_statue_of_worship,
          erik_lair_island, serial_shops, shop, uniq_grum, uniq_pikel,
          uniq_maurice, uniq_psyche
Temple:   hellmonk_temple_divided_pantheon

Skill      XL: |  1  2  3  4  5  6  7  8 |
---------------+-------------------------+-----
Axes           | 3 4 5 6 7 8 9 |  9.7
Armour         | 3 4 |  4.3
Fighting       | 4 5 |  5.3
Shields        | 4 |  4.1
Invocations    | 1 |  1.3

Action                   |  1- 3 |  4- 6 |  7- 9 || total
-------------------------+-------+-------+-------++-------
Melee: War axe           |   104 |    98 |   100 ||   302
       Tailslap          |    12 |    12 |    20 ||    44
       Broad axe         |       |       |    58 ||    58
Invok: Recite            |       |       |     5 ||     5
       Vitalisation      |       |       |     1 ||     1
 Abil: Rolling Charge    |     2 |     3 |       ||     5
  Use: Scroll            |       |     6 |       ||     6
       Potion            |       |       |     1 ||     1
Armor: Scale mail        |    77 |     6 |       ||    83
       Ring mail         |       |    41 |    34 ||    75
       Swamp dragon scal |       |       |    51 ||    51
Dodge: Dodged            |    45 |    33 |    54 ||   132
Block: Buckler           |    33 |    12 |     6 ||    51
       Kite shield       |       |       |    45 ||    45
